[Event "Team 45 45 League T24"]
[Site "Internet Chess Club"]
[Date "2004.10.10"]
[Round "5"]
[White "Unbeliever"]
[Black "billarvola"]
[Result "1-0"]
[WhiteElo "2000"]
[BlackElo "1940"]
[TimeControl "2700+45"]

1. e4 e5 2. f4 exf4 3. Nf3 d6 4. d4 g5 5. h4 g4 6. Ng1 Bh6 7. Nc3 c6 8. Nge2 Qf6
9. g3 fxg3 10. Nxg3 Bxc1 11. Rxc1 Qh6 12. Bg2 Qe3+ 13. Nce2 Ne7 14. c4 O-O 15.
Rc3 Qh6 16. h5 f5 17. exf5 Nxf5 18. O-O Na6 19. Be4 Nh4 20. Rxf8+ Qxf8 21. Qd3
Qf7 22. a3 Bd7 23. Qe3 Nf3+ 24. Bxf3 gxf3 25. Qxf3 Qxf3 26. Rxf3 Rf8 27. Kg2 h6
28. Ne4 Rxf3 29. Kxf3 Be8 30. Nf4 c5 31. Nxd6 Bd7 32. dxc5 Nxc5 33. b4 Ne6 34.
Nxe6 Bxe6 35. c5 b6 36. cxb6 axb6 37. Kf4 Bb3 38. Ke5 Bd1 39. Ne4 Kf7 40. Ng3
Ke7 41. Kd5 Kd7 42. Ke5 Ke7 43. Nf5+ Kd7 44. Kd5 Bxh5 45. Nxh6 Bd1 46. Nf5 Kc7
47. Nd4 Kb7 48. Nb5 Bf3+ 49. Kd4 Kc6 50. Nc3 b5 51. Ne4 Bd1 52. Nc5 Bg4 53. Ke5
Bh3 54. Ne6 Bf1 55. Nd4+ Kb6 56. Kd6 Bg2 57. Ne6 Bf1 58. Nc7 Kb7 59. Nd5 Bg2 60.
Kc5 Bf3 61. Nc3 {Black resigns} 1-0

[Event "Team 45 45 League T24"]
[Site "Internet Chess Club"]
[Date "2004.10.10"]
[Round "5"]
[White "pork"]
[Black "Zornorph"]
[Result "0-1"]
[WhiteElo "1704"]
[BlackElo "1916"]
[TimeControl "2700+45"]

1. e4 e5 2. Nf3 Nf6 3. d4 Nxe4 4. Bd3 d5 5. Nxe5 Nd7 6. O-O Be7 7. Nxf7 Kxf7 8.
Qh5+ Kf8 9. Qf5+ Ndf6 10. Qf3 Kf7 11. Re1 Re8 12. c4 c6 13. cxd5 cxd5 14. Bxe4
dxe4 15. Rxe4 Kg8 16. Re1 Qd5 17. Qxd5+ Nxd5 18. Nc3 Nb4 19. Re2 Bd7 20. a3 Nc6
21. Be3 a6 22. Rae1 Bd6 23. Nd5 Rad8 24. h3 Na5 25. Bg5 Rxe2 26. Rxe2 Re8 27.
Rc2 Re1# {White checkmated} 0-1

[Event "Team 45 45 League T24"]
[Site "Internet Chess Club"]
[Date "2004.10.10"]
[Round "5"]
[White "CraigCKlein"]
[Black "nminwalla"]
[Result "0-1"]
[WhiteElo "1793"]
[BlackElo "1708"]
[TimeControl "2700+45"]

1. d4 Nf6 2. c4 e6 3. Nc3 Bb4 4. Qc2 b6 5. e4 Bxc3+ 6. bxc3 d6 7. Nf3 Nc6 8. Bd3
e5 9. Ba3 Bg4 10. c5 Bxf3 11. gxf3 a6 12. d5 Ne7 13. cxd6 cxd6 14. Rg1 Ng6 15.
Rb1 O-O 16. Bc1 Qc7 17. Be3 Nd7 18. Rb3 Nc5 19. Ra3 Nxd3+ 20. Qxd3 b5 21. Qf1 f5
22. Qg2 fxe4 23. fxe4 Nh4 {White resigns} 0-1

[Event "Team 45 45 League T24"]
[Site "Internet Chess Club"]
[Date "2004.10.11"]
[Round "5"]
[White "vvsi"]
[Black "MrAnderssen"]
[Result "1-0"]
[WhiteElo "1597"]
[BlackElo "1575"]
[TimeControl "2700+45"]

1. e4 c5 2. Ne2 Nc6 3. Nbc3 d6 4. g3 Nf6 5. Bg2 g6 6. O-O Bg7 7. d3 O-O 8. a4
Bg4 9. f3 Be6 10. Nf4 Bd7 11. Be3 Rc8 12. Qd2 e6 13. Rfe1 Qb6 14. Rab1 e5 15.
Nfd5 Qd8 16. Bg5 Nb4 17. Nxb4 cxb4 18. Nd5 Bxa4 19. c4 bxc3 20. bxc3 Bc6 21. c4
Bxd5 22. cxd5 Qd7 23. Qb4 Rb8 24. Rec1 Ne8 25. Be3 b6 26. Qb5 Qb7 27. Bh3 Nc7
28. Qc6 Ne8 29. Bc8 Qxc6 30. Rxc6 Nf6 31. Ba6 Rfd8 32. Rc7 Rd7 33. Rbc1 Rxc7 34.
Rxc7 Ra8 35. Bb7 Rb8 36. Bc6 Ne8 37. Rxa7 b5 38. Bxe8 Rxe8 39. Rb7 Rc8 40. Rxb5
Rc3 41. Rb8+ {Black resigns} 1-0

[Event "Team 45 45 League T24"]
[Site "Internet Chess Club"]
[Date "2004.10.09"]
[Round "5"]
[White "HadshiHalefOmar"]
[Black "locchessmonster"]
[Result "1/2-1/2"]
[WhiteElo "1904"]
[BlackElo "1937"]
[TimeControl "2700+45"]

1. d4 Nf6 2. Nf3 g6 3. Nc3 Bg7 4. Bg5 h6 5. Bxf6 Bxf6 6. e3 d6 7. Bc4 Nc6 8. a3
O-O 9. Qd3 e6 10. Ne2 a6 11. c3 b5 12. Bb3 Bb7 13. Nf4 Qe7 14. Bxe6 fxe6 15.
Nxg6 Qh7 16. Qe4 Nxd4 17. Qxb7 Nc2+ 18. Ke2 Nxa1 19. Nxf8 Qc2+ 20. Nd2 Rxf8 21.
Rxa1 Qxb2 22. Rb1 Qxc3 23. Qxa6 c6 24. Rb3 Qc5 25. a4 Rb8 26. axb5 cxb5 27. Rd3
Rb6 28. Qa8+ Kh7 29. Qf8 Bg7 30. Qf7 d5 31. e4 Rd6 32. Rg3 Qd4 33. Qg6+ Kh8 34.
Qe8+ Kh7 35. Qg6+ Kh8 36. Qe8+ Kh7 37. Qg6+ Kh8 {Game drawn by repetition}
1/2-1/2

[Event "Team 45 45 League T24"]
[Site "Internet Chess Club"]
[Date "2004.10.18"]
[Round "5"]
[White "six-killer"]
[Black "tourettes"]
[Result "1-0"]
[WhiteElo "1865"]
[BlackElo "1793"]
[TimeControl "2700+45"]

1. e4 c5 2. Nf3 d6 3. d4 cxd4 4. Qxd4 Nc6 5. Bb5 Bd7 6. Bxc6 bxc6 7. O-O Qb6 8.
Qd3 e5 9. Nbd2 Be6 10. Nc4 Qc7 11. Rd1 Bxc4 12. Qxc4 h6 13. b3 Ne7 14. Ba3 Ng6
15. g3 d5 16. exd5 Bxa3 17. dxc6 Bd6 18. b4 O-O 19. b5 Rfd8 20. a4 a6 21. Rab1
axb5 22. axb5 Qb6 23. Qe4 Ra5 24. c4 Ra2 25. Nd2 Bc5 26. Qe1 Qa5 27. Ne4 Qxe1+
28. Rxe1 Bb6 29. c5 Bxc5 30. Nxc5 Rc8 31. Nd7 Ne7 32. Nxe5 f6 33. Nd7 Nxc6 34.
bxc6 Rxc6 35. Nb6 Rcc2 36. Rf1 Kf7 37. Nd5 Rd2 38. Nc3 Rac2 39. Rbd1 Rxd1 40.
Nxd1 Rc1 41. Ne3 Rxf1+ 42. Kxf1 Ke6 43. Ke2 f5 44. f4 g5 45. fxg5 hxg5 46. Kf3
Ke5 47. Nc4+ Kf6 48. h3 Kg6 49. Ne5+ Kh5 50. g4+ fxg4+ 51. hxg4+ Kh6 52. Ke4 Kg7
53. Kf5 Kh6 54. Nd7 Kg7 55. Kxg5 Kh7 56. Nf6+ Kg7 57. Nh5+ Kh7 58. Kf6 Kg8 59.
Kg6 Kh8 60. Nf4 Kg8 61. g5 Kh8 62. Kf7 {Black resigns} 1-0

[Event "Team 45 45 League T24"]
[Site "Internet Chess Club"]
[Date "2004.10.11"]
[Round "5"]
[White "Bloomington"]
[Black "RagingRook"]
[Result "1-0"]
[WhiteElo "1900"]
[BlackElo "1731"]
[TimeControl "2700+45"]

1. e4 c5 2. Nf3 e6 3. b3 d5 4. exd5 exd5 5. Bb5+ Bd7 6. Bxd7+ Nxd7 7. O-O Ngf6
8. Re1+ Be7 9. Qe2 Nf8 10. Qb5+ Qd7 11. Qxc5 Ne6 12. Qe3 Ng4 13. Qd3 Bc5 14. Re2
O-O 15. Qf5 Nf6 16. Bb2 Ne4 17. Nc3 Nxc3 18. Bxc3 Qc7 19. Kf1 g6 20. Qxd5 Nf4
21. Qe5 Qxe5 22. Rxe5 Bd6 23. Re4 Rac8 24. Be5 Bxe5 25. Nxe5 Ne6 26. Nc4 b5 27.
Ne3 Nc5 28. Re7 a6 29. d4 Ne6 30. d5 Nc5 31. b4 Na4 32. d6 Rfe8 33. d7 {Black
resigns} 1-0

[Event "Team 45 45 League T24"]
[Site "Internet Chess Club"]
[Date "2004.10.09"]
[Round "5"]
[White "rayonline53"]
[Black "Guesswho"]
[Result "1-0"]
[WhiteElo "1627"]
[BlackElo "1590"]
[TimeControl "2700+45"]

1. e4 c5 2. Nf3 Nc6 3. d4 cxd4 4. Nxd4 Nf6 5. Nc3 e6 6. Be2 Bb4 7. f3 Bxc3+ 8.
bxc3 O-O 9. O-O a6 10. Be3 Qc7 11. Bd3 Ne5 12. Qd2 b5 13. a4 bxa4 14. Rxa4 Nxd3
15. cxd3 Bb7 16. Nb3 d6 17. Rfa1 Rfc8 18. c4 Nd7 19. Na5 Qb8 20. Rb4 Rc7 21.
Rab1 Nc5 22. Bxc5 Rxc5 23. Rxb7 Qd8 24. Nb3 Rh5 25. Qf4 Ra7 26. Qxf7+ {Black
resigns} 1-0

[Event "Team 45 45 League T24"]
[Site "Internet Chess Club"]
[Date "2004.10.10"]
[Round "5"]
[White "room-matt"]
[Black "LeonieHelm"]
[Result "1-0"]
[WhiteElo "1898"]
[BlackElo "1820"]
[TimeControl "2700+45"]

1. e4 e5 2. Nc3 Nc6 3. f4 d6 4. Nf3 Nf6 5. Bb5 exf4 6. d3 Be7 7. Bxf4 O-O 8. O-O
Bg4 9. h3 Bxf3 10. Qxf3 Nd4 11. Qf2 Nxb5 12. Nxb5 a6 13. Nc3 Nh5 14. Be3 Bh4 15.
Qf3 g6 16. Bh6 Ng7 17. Nd5 c6 18. Nf6+ Bxf6 19. Qxf6 Qxf6 20. Rxf6 Rfd8 21. Raf1
Rd7 22. c4 Re8 23. g4 Re6 24. h4 Rxf6 25. Rxf6 d5 26. exd5 cxd5 27. c5 a5 28. d4
Ne6 29. Be3 Kg7 30. Rf3 a4 31. Bf2 Rd8 32. Ra3 Ra8 33. Kg2 Nf4+ 34. Kf3 Nd3 35.
Rxd3 f5 36. gxf5 gxf5 37. Kf4 Kf6 38. h5 Rg8 39. Bh4+ Kf7 40. Kxf5 Rg2 41. Ra3
Rxb2 42. Rxa4 Rh2 43. Kg4 Rg2+ 44. Bg3 Rb2 45. a3 b5 46. Ra6 b4 47. axb4 Rxb4
48. Be5 {Black resigns} 1-0

[Event "Team 45 45 League T24"]
[Site "Internet Chess Club"]
[Date "2004.10.10"]
[Round "5"]
[White "Frobert"]
[Black "hoyd"]
[Result "1-0"]
[WhiteElo "1644"]
[BlackElo "1589"]
[TimeControl "2700+45"]

1. e4 c5 2. Nf3 Nc6 3. Bb5 Nd4 4. Nxd4 cxd4 5. d3 a6 6. Ba4 Qa5+ 7. c3 b5 8. Bb3
Bb7 9. Bd2 dxc3 10. Nxc3 e6 11. Nd5 Qd8 12. Nf4 Bd6 13. Qg4 Qf6 14. Bc3 Be5 15.
Nh5 Bxc3+ 16. Ke2 Qe5 17. bxc3 g6 18. Qf4 Qxh5+ 19. g4 Qc5 20. h4 Qxc3 21. Rac1
Qb2+ 22. Rc2 Qf6 23. Qc7 Rc8 24. Qxb7 Rxc2+ 25. Bxc2 e5 26. g5 Qc6 27. Qb8+ Ke7
28. Qxe5+ Qe6 29. Qxh8 Qg4+ 30. Ke3 Kf8 31. Qe5 Qg2 32. Rc1 Qh3+ 33. Qg3 Qe6 34.
Bb3 Qb6+ 35. Ke2 Ne7 36. Qf4 d5 37. Bxd5 Nxd5 38. exd5 Qb7 39. Rc7 Qxd5 40. Rc8+
Ke7 41. Qf6+ Kd7 42. Rd8+ Kc7 43. Rxd5 b4 44. Qxf7+ Kc6 45. Qe6+ Kc7 46. Rd7+
Kc8 47. Qe8# {Black checkmated} 1-0

[Event "Team 45 45 League T24"]
[Site "Internet Chess Club"]
[Date "2004.10.07"]
[Round "5"]
[White "Gardener"]
[Black "forquesato"]
[Result "0-1"]
[WhiteElo "1539"]
[BlackElo "1807"]
[TimeControl "2700+45"]

1. e4 c6 2. d4 d5 3. e5 Bf5 4. Bd3 Bxd3 5. Qxd3 e6 6. f4 Nh6 7. Nf3 Be7 8. O-O
Nd7 9. Nc3 Qb6 10. b3 c5 11. Qb5 Qc7 12. Qd3 Nf5 13. Nb5 Qb6 14. g4 Nh6 15. Be3
Nxg4 16. dxc5 Nxc5 17. Bxc5 Bxc5+ 18. Nbd4 Rg8 19. h3 Nh6 20. Kg2 O-O-O 21. a4
g5 22. fxg5 Bxd4 23. Nxd4 Rxg5+ 24. Kh2 Rdg8 25. Rg1 Nf5 26. Rxg5 Rxg5 27. c3
Rg3 28. Qb5 Rxc3 29. Qxb6 axb6 30. Nb5 Rxb3 31. Rf1 Rb4 32. Nd6+ Nxd6 33. exd6
Rxa4 34. Rxf7 Rh4 35. Re7 Rh6 36. Rc7+ Kd8 37. Rxb7 e5 38. Rxb6 Kd7 39. Rb7+ Kc6
40. Re7 Kxd6 41. Re8 Rg6 42. h4 d4 {White resigns} 0-1

[Event "Team 45 45 League T24"]
[Site "Internet Chess Club"]
[Date "2004.10.08"]
[Round "5"]
[White "Lizaveta"]
[Black "NESKAYA"]
[Result "1/2-1/2"]
[WhiteElo "1287"]
[BlackElo "1640"]
[TimeControl "2700+45"]

1. e4 e5 2. Nf3 Nc6 3. Nc3 a6 4. d4 exd4 5. Nxd4 Nxd4 6. Qxd4 d6 7. Bf4 Be6 8.
Nd5 Bxd5 9. Qxd5 Nf6 10. Qxb7 Rb8 11. Qc6+ Qd7 12. Qxd7+ Kxd7 13. b3 Nxe4 14.
Bd2 g6 15. Bxa6 Bg7 16. Rd1 Ra8 17. Bd3 Nxd2 18. Rxd2 Bc3 19. a4 Rhe8+ 20. Kd1
Bxd2 21. Kxd2 h6 22. Bb5+ c6 23. Bc4 d5 24. Be2 Re7 25. Bg4+ f5 26. Bf3 Kd6 27.
Be2 Rae8 28. Bd3 Kc5 29. c3 d4 30. Rc1 dxc3+ 31. Rxc3+ Kb6 32. Rc1 Rd8 33. Kc3
Re5 34. Bc4 c5 35. Kc2 Ka5 36. Kc3 Rd4 37. Rc2 Ree4 38. Bd3 Rf4 39. f3 g5 40.
Be2 Rb4 41. g3 Rfd4 42. Kb2 Kb6 43. Kc3 f4 44. Bd3 fxg3 45. hxg3 Rd7 46. Bb5 Re7
47. Re2 Rxe2 48. Bxe2 h5 49. f4 gxf4 50. gxf4 Rxf4 51. Bxh5 Ka5 52. Be8 Rf3+ 53.
Kc4 Kb6 {Game drawn by mutual agreement} 1/2-1/2

[Event "Team 45 45 League T24"]
[Site "Internet Chess Club"]
[Date "2004.10.07"]
[Round "5"]
[White "f5"]
[Black "Rossinantes"]
[Result "0-1"]
[WhiteElo "2301"]
[BlackElo "2412"]
[TimeControl "2700+45"]

1. e4 c5 2. Nc3 Nc6 3. g3 g6 4. Bg2 Bg7 5. d3 d6 6. Be3 e6 7. Qd2 Rb8 8. Nge2
Nd4 9. O-O Ne7 10. Nd1 b5 11. c3 Nxe2+ 12. Qxe2 b4 13. c4 Nc6 14. Qd2 O-O 15.
Bh6 Nd4 16. Bxg7 Kxg7 17. f4 f5 18. Ne3 Qf6 19. Rae1 b3 20. e5 dxe5 21. fxe5 Qe7
22. a3 Bb7 23. Qa5 Bxg2 24. Nxg2 Rfd8 25. Rd1 g5 26. Ne1 Nc6 27. Qc3 Qc7 28. Nf3
g4 29. Ng5 Qe7 30. Qc1 h6 31. Ne4 fxe4 32. Qf4 exd3 33. Qe4 Rbc8 34. Rf6 Nxe5
35. Rdf1 Qd6 36. Kg2 Qc6 {White resigns} 0-1

[Event "Team 45 45 League T24"]
[Site "Internet Chess Club"]
[Date "2004.10.10"]
[Round "5"]
[White "WesleyCrusher"]
[Black "akdog3"]
[Result "0-1"]
[WhiteElo "2129"]
[BlackElo "2187"]
[TimeControl "2700+45"]

1. e4 c5 2. Nf3 Nc6 3. d4 cxd4 4. Nxd4 g6 5. Nc3 Bg7 6. Be3 Nf6 7. Be2 O-O 8.
O-O d5 9. Nxc6 bxc6 10. exd5 cxd5 11. Bd4 e6 12. Bd3 Qc7 13. Qe2 Nd7 14. Bxg7
Kxg7 15. Qd2 Rb8 16. b3 Nc5 17. Be2 Bb7 18. Nb5 Qb6 19. Qd4+ f6 20. c4 e5 21.
Qb2 d4 22. b4 Ne6 23. c5 Qc6 24. f3 Nf4 25. Bc4 Ba8 26. g3 Nh3+ 27. Kg2 Ng5 28.
Qe2 Qd7 29. a3 e4 30. fxe4 Bxe4+ 31. Kf2 d3 32. Qe3 Rxb5 33. Bxb5 Qxb5 34. h4
Nh3+ 35. Ke1 Re8 36. Kd2 Bf5 37. Qd4 Re2+ 38. Kc3 Rc2+ 39. Kb3 Be6+ {White
resigns} 0-1

[Event "Team 45 45 League T24"]
[Site "Internet Chess Club"]
[Date "2004.10.09"]
[Round "5"]
[White "Burning-Bush"]
[Black "VentasD"]
[Result "1/2-1/2"]
[WhiteElo "2234"]
[BlackElo "2111"]
[TimeControl "2700+45"]

1. d4 d5 2. c4 c6 3. Nf3 Nf6 4. Nc3 e6 5. e3 Nbd7 6. Bd3 Bd6 7. e4 dxe4 8. Nxe4
Nxe4 9. Bxe4 e5 10. O-O exd4 11. Nxd4 Nf6 12. Bf3 O-O 13. Re1 Qc7 14. g3 Rd8 15.
Qe2 Bh3 16. Be3 Be5 17. Rad1 Re8 18. Qc2 Rad8 19. Ne2 b6 20. Nf4 Bg4 21. Rxd8
Rxd8 22. Bg2 Re8 23. Bd2 Qd7 24. Qc1 Bd4 25. h3 Bf5 26. Rxe8+ Qxe8 27. Bc3 Bxc3
28. Qxc3 Be4 29. f3 Bf5 30. g4 Bc8 31. Kf2 h6 32. Qd4 Nd7 33. Nd3 Qe7 34. f4 c5
35. Qe3 Qxe3+ 36. Kxe3 Kf8 37. Bc6 Nb8 38. Ba8 Ke7 39. Ke4 Kd6 40. f5 Bd7 41.
Ne5 f6 42. Nxd7 Nxd7 43. a3 Ne5 44. Bd5 a5 45. Ke3 Nd7 46. Ke4 Nb8 47. Bb7 Nd7
48. a4 Ne5 49. Bd5 {Game drawn by mutual agreement} 1/2-1/2

[Event "Team 45 45 League T24"]
[Site "Internet Chess Club"]
[Date "2004.10.11"]
[Round "5"]
[White "siddhu"]
[Black "searchforbobby1"]
[Result "0-1"]
[WhiteElo "1819"]
[BlackElo "2157"]
[TimeControl "2700+45"]

1. e4 c5 2. Nf3 Nc6 3. d4 cxd4 4. Nxd4 Nf6 5. Nc3 e5 6. Nf3 Bb4 7. Bd3 d5 8. Qe2
O-O 9. Bd2 Nd4 10. Nxd4 exd4 11. Nb1 dxe4 12. Bxb4 exd3 13. Qxd3 Re8+ 14. Kd2
Ne4+ 15. Kc1 Nxf2 16. Qf1 Nxh1 17. Qxh1 Bf5 18. Nd2 a5 19. Ba3 Qc7 20. Qd1 Re1
{White resigns} 0-1

[Event "Team 45 45 League T24"]
[Site "Internet Chess Club"]
[Date "2004.10.08"]
[Round "5"]
[White "chesskilleruk"]
[Black "gringo"]
[Result "0-1"]
[WhiteElo "2203"]
[BlackElo "2234"]
[TimeControl "2700+45"]

1. e4 c5 2. Nc3 Nc6 3. f4 g6 4. Nf3 Bg7 5. Bc4 e6 6. O-O Nge7 7. Qe1 Nd4 8. Nxd4
cxd4 9. Nd1 d5 10. Bb5+ Bd7 11. Bxd7+ Qxd7 12. e5 O-O 13. Rf3 Rfc8 14. c3 Nc6
15. d3 f6 16. exf6 Bxf6 17. Bd2 Re8 18. Qg3 Qg7 19. Rc1 Qe7 20. f5 exf5 21. Rxf5
Bh4 22. Qg4 Qe2 23. Qxe2 Rxe2 24. Rxd5 Rxd2 25. cxd4 Re8 26. Nc3 Bf2+ 27. Kh1
Bxd4 28. Ne4 Rxb2 29. g4 Bg7 30. g5 Ne5 31. Nd6 Nf3 {White resigns} 0-1

[Event "Team 45 45 League T24"]
[Site "Internet Chess Club"]
[Date "2004.10.09"]
[Round "5"]
[White "Satan"]
[Black "IAMC"]
[Result "1-0"]
[WhiteElo "2196"]
[BlackElo "2023"]
[TimeControl "2700+45"]

1. e4 e5 2. Nf3 Nc6 3. Bc4 Nf6 4. d4 exd4 5. Ng5 Ne5 6. Qxd4 Nxc4 7. Qxc4 Qe7 8.
O-O h6 9. Nf3 Qc5 10. Qe2 Be7 11. e5 Nd5 12. c4 Nb6 13. b3 O-O 14. Ba3 Qxa3 15.
Nxa3 Bxa3 16. Rad1 d6 17. exd6 Bxd6 18. Qc2 Nd7 19. Qc3 b6 20. b4 a5 21. a3 Bb7
22. Nd4 Be5 23. c5 axb4 24. axb4 bxc5 25. bxc5 Ba6 26. Rfe1 Bf6 27. c6 Nb6 28.
Qc5 Rfd8 29. Nb5 Rxd1 30. Rxd1 Bxb5 31. Qxb5 Re8 32. g3 Re6 33. Rc1 Be5 34. Re1
Kh7 35. f4 Bd4+ 36. Kf1 Rd6 37. Qf5+ Rg6 38. h4 {Black resigns} 1-0

[Event "Team 45 45 League T24"]
[Site "Internet Chess Club"]
[Date "2004.10.08"]
[Round "5"]
[White "trikmamak"]
[Black "Falhari"]
[Result "1-0"]
[WhiteElo "2196"]
[BlackElo "1983"]
[TimeControl "2700+45"]

1. e4 e6 2. d4 d5 3. Nc3 dxe4 4. Nxe4 Nd7 5. Nf3 Ngf6 6. Nxf6+ Nxf6 7. Bd3 Be7
8. O-O O-O 9. c3 b6 10. Ne5 Bb7 11. Qe2 Qd5 12. f3 c5 13. Bc4 Qd8 14. dxc5 Bxc5+
15. Kh1 Qc7 16. Bg5 Nd5 17. Rad1 Bd6 18. f4 Rac8 19. Bb3 b5 20. Rfe1 Bc5 21. f5
f6 22. fxe6 Ne7 23. Rd7 Qb6 24. Nd3 fxg5 25. Nxc5 Bxg2+ 26. Qxg2 Qxc5 27. Rf1 h6
28. Rf7 Rxf7 29. exf7+ Kf8 30. Qe4 a5 31. Qh7 Qc6+ 32. Bd5 Qxd7 33. Qh8+ Ng8 34.
fxg8=Q+ Ke7 {Black resigns} 1-0

[Event "Team 45 45 League T24"]
[Site "Internet Chess Club"]
[Date "2004.10.09"]
[Round "5"]
[White "Unbeliever"]
[Black "azbycx"]
[Result "1-0"]
[WhiteElo "1985"]
[BlackElo "1879"]
[TimeControl "2700+45"]

1. e4 c5 2. d3 Nc6 3. g3 g6 4. Bg2 Bg7 5. c3 Nf6 6. Na3 O-O 7. Be3 d6 8. h3 Rb8
9. Ne2 b5 10. O-O Bd7 11. f4 Qc8 12. f5 e5 13. g4 h6 14. g5 hxg5 15. Bxg5 Nh7
16. Be3 Qd8 17. fxg6 fxg6 18. Rxf8+ Qxf8 19. Qd2 Qe7 20. Rf1 a6 21. Rf3 Rf8 22.
Rg3 Qf6 23. Nc2 Rf7 24. Ne1 Kf8 25. Nf3 Ke8 26. Kh2 Nd8 27. d4 c4 28. Ng5 Bh8
29. Nxf7 Nxf7 30. Ng1 Bg7 31. Nf3 Bf8 32. Ng5 Qg7 33. Nxf7 Qxf7 34. dxe5 dxe5
35. Qd5 Qf6 36. Qa8+ Qd8 37. Qxd8+ Kxd8 38. Rxg6 Be7 39. Rxa6 Nf6 40. Bg5 Ng4+
41. hxg4 Bxg5 42. Kg3 Bc1 43. b3 Bb2 44. bxc4 bxc4 45. Bf1 Bxc3 46. Bxc4 {Black
forfeits on time} 1-0

[Event "Team 45 45 League T24"]
[Site "Internet Chess Club"]
[Date "2004.10.12"]
[Round "5"]
[White "johanh"]
[Black "Nikolay"]
[Result "0-1"]
[WhiteElo "2117"]
[BlackElo "2361"]
[TimeControl "2700+45"]

1. e4 c5 2. Nf3 Nc6 3. d4 cxd4 4. Nxd4 g6 5. c4 Bg7 6. Be3 Nf6 7. Nc3 Ng4 8.
Qxg4 Nxd4 9. Qd1 Ne6 10. Qd2 Qa5 11. Rc1 d6 12. Be2 Bd7 13. O-O Nc5 14. Bd4 O-O
15. Rb1 Nxe4 16. Qe3 Bxd4 17. Qxd4 Nxc3 18. bxc3 b6 19. Bf3 Rac8 20. Rfe1 Be6
21. Bd5 Bxd5 22. cxd5 Qxc3 23. Qxc3 Rxc3 24. Rxe7 Rfc8 25. g3 R3c7 26. Re3 Kf8
27. Rbb3 Rc5 28. Red3 Ra5 29. Ra3 Rcc5 30. Rxa5 Rxa5 31. a3 Rc5 32. Kg2 Kg7 33.
Kf3 Kf6 34. Ke4 Rc4+ 35. Ke3 Rc2 36. h3 h5 37. Kf3 Ke5 38. Ke3 g5 39. h4 gxh4
40. gxh4 Rc4 {White resigns} 0-1

[Event "Team 45 45 League T24"]
[Site "Internet Chess Club"]
[Date "2004.10.08"]
[Round "5"]
[White "jtayar88"]
[Black "CLACTON"]
[Result "1-0"]
[WhiteElo "2239"]
[BlackElo "2125"]
[TimeControl "2700+45"]

1. e4 c5 2. Nf3 e6 3. d4 cxd4 4. Nxd4 a6 5. Bd3 Qc7 6. c4 Nf6 7. O-O Bc5 8. Nb3
Ba7 9. Qe2 Nc6 10. Be3 Bxe3 11. Qxe3 Ne5 12. f4 Nxc4 13. Bxc4 Qxc4 14. N1d2 Qc7
15. Rac1 Qd8 16. e5 Nd5 17. Qg3 O-O 18. Nc4 b5 19. Nd6 Qb6+ 20. Kh1 f6 21. Nc5
h6 22. b4 a5 23. a3 axb4 24. axb4 f5 25. Rfd1 Ra7 26. Nxe6 dxe6 27. Nxc8 Rxc8
28. Rxc8+ Kh7 29. h3 Ra4 30. Qf3 Rxb4 31. Qh5 Rc4 32. Rf8 Qc6 33. Rxd5 Qxd5 34.
Qe8 {Black resigns} 1-0

[Event "Team 45 45 League T24"]
[Site "Internet Chess Club"]
[Date "2004.10.08"]
[Round "5"]
[White "DeLaSalle"]
[Black "Rubicon"]
[Result "1-0"]
[WhiteElo "2068"]
[BlackElo "1981"]
[TimeControl "2700+45"]

1. d4 Nf6 2. Bg5 e6 3. e4 Be7 4. Nd2 b6 5. Ngf3 Bb7 6. Bd3 d6 7. O-O Nbd7 8. c4
e5 9. d5 Nc5 10. Bc2 a5 11. Nh4 h6 12. Be3 Bc8 13. Nf5 Bxf5 14. exf5 O-O 15. Qf3
Kh7 16. Qh3 Kh8 17. Rfe1 Nh7 18. Bxh6 gxh6 19. f6 Bxf6 20. Qxh6 e4 21. Nxe4 Bg7
22. Qh5 Nxe4 23. Bxe4 f5 24. Bxf5 Rxf5 25. Qxf5 Bxb2 26. Rab1 Bg7 27. Rb3 Qf8
28. Qh5 Kg8 29. Rbe3 Be5 30. Rh3 Nf6 31. Qf5 Re8 32. Kf1 Re7 33. f4 Rf7 34. Rg3+
Kh8 35. Rh3+ Kg8 36. Qg6+ Rg7 37. Qh6 Nh7 38. Qe6+ Kh8 39. Rf3 Bd4 40. Qe8 Kg8
41. h3 Rf7 42. Qxf8+ Kxf8 43. Re4 Bc5 44. Ke2 Nf6 45. Re6 Nh5 46. f5 Ng7 47. Re4
Nxf5 48. Kd3 Ne7 49. Ref4 Rxf4 50. Rxf4+ Kg7 51. Ke4 Ng6 52. Rg4 Kf6 53. h4 Ne5
54. Rf4+ Kg7 55. Kf5 Kf7 56. g4 Be3 57. Re4 Bh6 58. g5 Bg7 59. h5 Bf8 60. h6 Ng6
61. Re6 Ne7+ 62. Kg4 b5 63. Rf6+ Kg8 64. h7+ Kxh7 65. Rxf8 bxc4 66. Rf7+ {Black
resigns} 1-0

[Event "Team 45 45 League T24"]
[Site "Internet Chess Club"]
[Date "2004.10.09"]
[Round "5"]
[White "VincentB"]
[Black "baumhauer"]
[Result "0-1"]
[WhiteElo "1467"]
[BlackElo "1903"]
[TimeControl "2700+45"]

1. d4 Nf6 2. c4 e6 3. Nc3 Bb4 4. e3 b6 5. Ne2 Bb7 6. a3 Be7 7. Bd2 d6 8. Qc2 c5
9. e4 cxd4 10. Nxd4 O-O 11. Be2 Nbd7 12. O-O Rc8 13. Bf3 Rxc4 {White resigns}
0-1

[Event "Team 45 45 League T24"]
[Site "Internet Chess Club"]
[Date "2004.10.10"]
[Round "5"]
[White "EdBorowski"]
[Black "onslaught"]
[Result "1/2-1/2"]
[WhiteElo "2074"]
[BlackElo "2257"]
[TimeControl "2700+45"]

1. Nf3 d6 2. d4 Bg4 3. Bf4 Nf6 4. e3 Nbd7 5. Nbd2 e5 6. Bg5 Be7 7. dxe5 dxe5 8.
Be2 h6 9. Bh4 c6 10. c3 O-O 11. O-O Re8 12. Re1 Qc7 13. Qc2 Nf8 14. h3 Bh5 15.
Qf5 Bg6 16. Qxe5 Bd6 17. Qd4 Ne6 {Game drawn by mutual agreement} 1/2-1/2

[Event "Team 45 45 League T24"]
[Site "Internet Chess Club"]
[Date "2004.10.07"]
[Round "5"]
[White "DTK"]
[Black "imbak"]
[Result "0-1"]
[WhiteElo "1948"]
[BlackElo "2227"]
[TimeControl "2700+45"]

1. e4 c5 2. Nf3 d6 3. d4 cxd4 4. Nxd4 Nf6 5. Nc3 Nc6 6. Bc4 Qb6 7. Nb3 e6 8. O-O
Be7 9. Be3 Qc7 10. f4 O-O 11. Be2 a6 12. Qe1 b5 13. Bf3 Bb7 14. Qf2 Nd7 15. Rad1
Rac8 16. Rd2 Na5 17. Nxa5 Qxa5 18. a3 b4 19. Nb1 bxa3 20. Nxa3 Nc5 21. Nc4 Qb4
22. Rd4 e5 23. c3 Qb5 24. fxe5 dxe5 25. Nxe5 Ne6 26. Rd7 Bf6 27. Rxb7 Qxb7 28.
Ng4 Qe7 29. Nxf6+ Qxf6 30. Qe2 Qe5 31. Bg4 Qxe4 32. Bf5 Qe5 33. Bd3 f5 34. g3 a5
35. Qf3 Kh8 36. Bd2 Rcd8 37. Re1 Qd6 38. Bxf5 Qxd2 39. Rxe6 g6 40. Qb7 Rxf5 41.
Re7 Qf2+ 42. Kh1 Qf1# {White checkmated} 0-1

[Event "Team 45 45 League T24"]
[Site "Internet Chess Club"]
[Date "2004.10.06"]
[Round "5"]
[White "fledermaus"]
[Black "MaxII"]
[Result "1-0"]
[WhiteElo "2068"]
[BlackElo "1650"]
[TimeControl "2700+45"]

1. d4 d5 2. c4 e6 3. Nc3 Nf6 4. cxd5 exd5 5. Bg5 Be7 6. e3 O-O 7. Qc2 h6 8. Bh4
Be6 9. Bd3 c6 10. Nf3 Nbd7 11. O-O Bg4 12. Ne5 Nxe5 13. dxe5 Nd7 14. Bg3 Bh4 15.
Bxh4 Qxh4 16. f3 Bh5 17. f4 Rae8 18. e4 dxe4 19. Nxe4 Nxe5 20. fxe5 Rxe5 21. Ng3
Qd4+ 22. Kh1 Bg4 23. Bh7+ Kh8 24. Bf5 Rfe8 25. Bxg4 Qxg4 26. Rxf7 Re1+ 27. Rxe1
Rxe1+ 28. Rf1 Re8 29. Qf5 Qc4 30. b3 Qb4 31. h3 Re1 32. Rxe1 Qxe1+ 33. Kh2 Qd2
34. Qc8+ Kh7 35. Qf5+ Kh8 36. Qc8+ Kh7 37. Qxb7 Qxa2 38. Nf5 Qb2 39. Qxa7 Qe5+
40. Ng3 Qd5 41. Qe3 Qb5 42. Qe4+ Kh8 43. Qc4 Qb6 44. b4 Qb7 45. Qf4 Qb5 46. Qf8+
Kh7 47. Qf5+ Kg8 48. Qxb5 cxb5 49. Ne4 Kf7 50. Nd6+ Ke6 51. Nxb5 Kd5 52. Nc3+
{Black resigns} 1-0

[Event "Team 45 45 League T24"]
[Site "Internet Chess Club"]
[Date "2004.10.09"]
[Round "5"]
[White "Quoyle"]
[Black "ratty"]
[Result "0-1"]
[WhiteElo "2458"]
[BlackElo "2247"]
[TimeControl "2700+45"]

1. Nf3 g6 2. c4 Bg7 3. d4 f5 4. Nc3 Nf6 5. g3 d6 6. Bg2 O-O 7. O-O Qe8 8. d5 a5
9. Be3 Na6 10. Qd2 Bd7 11. Rac1 Ng4 12. Bf4 Nc5 13. Nd4 c6 14. Nb3 Nxb3 15. axb3
c5 16. Rfe1 b5 17. e4 Bd4 18. Re2 b4 19. Nd1 fxe4 20. Rxe4 g5 21. Rxd4 cxd4 22.
Bxg5 Qh5 23. h4 Rf7 24. c5 Raf8 25. c6 Bc8 26. Qxd4 Nxf2 27. Nxf2 Rxf2 28. Qxf2
Rxf2 29. Kxf2 Qf7+ 30. Kg1 h6 31. Bf4 Qf6 32. Rc2 Qd4+ 33. Kh2 Qd1 34. Rf2 Qe1
35. Rd2 Kg7 36. Bh3 Bxh3 37. Kxh3 Qh1+ 38. Rh2 Qxd5 39. Re2 e5 40. c7 Qc6 41.
Be3 Qxc7 42. h5 Qf7 43. Kh4 Qxb3 44. g4 Qd1 45. Rf2 Qe1 46. Bb6 a4 47. g5 a3
{White resigns} 0-1